cohdb
Replays
Latest Replays
All Replays
Popular Replays
Top Player Replays
Match Explorer
How It Works
Community
CoH3 Stats
Reddit
Sign in to upload your games and track your stats! →
Sign in with Steam
Match 43002209
Unlisted
Match 43002209
Overview
Messages
Build Orders
End
Selects Advanced Infantry Battlegroup
Construct Barracks
Riflemen Squad
Riflemen Squad
Grenade Package
Riflemen Squad
M1 Mortar Team
Selects Convert to Ranger Squad
Infantry Support Center
Construct Motor Pool
玉米
開信刀
Michel-®
WrebbsJohnsonGiver
Temsy36
Valar[M]orgHulis
Brucaccio
Trump Blesses America
0
0
Comments
sign in to comment!
No comments posted yet!